 Dungeon Crawl Stone Soup version 0.31.0-32-g396128a36d (webtiles) character file.

Game seed: 9225295182599331921

86 monsoonserge the Charlatan (level 4, 0/29 HPs)
             Began as an Octopode Artificer on Apr 7, 2024.
             Killed from afar by an orc wizard (10 damage)
             ... with a puff of flame
             ... on level 3 of the Dungeon.
             The game lasted 00:08:09 (2136 turns).

monsoonserge the Charlatan (Octopode Artificer)     Turns: 2136, Time: 00:08:09

Health: 0/29       AC:  1    Str: 13    XL:     4   Next: 50%
Magic:  4/4        EV: 13    Int: 13    God:
Gold:   156        SH:  0    Dex: 12    Spells: 3/3 levels left

rFire   . .          .
                       - Unarmed
rCold   . . .        o - +0 buckler
rNeg    . . .        (helmet restricted)
rPois   .            (no amulet)
rElec   .            (no ring)
rCorr   .            (no ring)
SInv    .            (no ring)
Will    .....        (no ring)
Stlth   ++           (no ring)
HPRegen 0.24/turn    (no ring)
MPRegen 0.09/turn    (no ring)
                     (no ring)

%: no passive effects
@: confused
A: almost no armour, amphibious, 8 rings, camouflage 1, gelatinous body 1,
(nimble swimmer 1), tentacles
a: no special abilities


You were on level 3 of the Dungeon.
You visited 1 branch of the dungeon, and saw 3 of its levels.

You collected 156 gold pieces.

Inventory:

Hand Weapons
 k - a +0 sling
Missiles
 j - 2 poisoned darts (quivered)
 t - 2 boomerangs
Armour
 o - a +0 buckler (worn)
Talismans
 s - a blade talisman
Wands
 b - a wand of flame (11)
 c - a wand of charming (15)
 d - a wand of iceblast (5)
 q - a wand of polymorph (9)
Scrolls
 e - a scroll of teleportation {unknown}
 f - 4 scrolls of identify {unknown}
 i - 3 scrolls of enchant weapon {unknown}
 l - a scroll of brand weapon {unknown}
 r - a scroll of fear {unknown}
Potions
 a - 2 potions of haste {unknown}
 g - 2 potions of attraction {unknown}
 h - 2 potions of curing {unknown}
 m - a potion of resistance {unknown}
 n - 3 potions of mutation {unknown}
 p - a potion of berserk rage {unknown}
 u - a potion of lignification {unknown}


   Skills:
 + Level 1.7 Fighting
 - Level 1.0 Ranged Weapons
 - Level 3.0 Dodging
 + Level 1.8 Stealth
 * Level 1.1 Shields
 * Level 1.5 Unarmed Combat
 + Level 3.8 Evocations


You had 3 spell levels left.
You didn't know any spells.
Your spell library contained the following spells:

 Spells                   Type           Power      Damage    Failure   Level
 Kiss of Death            Conj/Necr      0%         2d5       41%         1
 Confusing Touch          Hex            0%         N/A       78%         3
 Hailstorm                Conj/Ice       0%         3d5       78%         3
 Summon Ice Beast         Ice/Summ       0%         N/A       78%         3
 Dispel Undead            Necr           0%         3d6       99%         4
 Sculpt Simulacrum        Ice/Alch       0%         N/A       100%        6


Dungeon Overview and Level Annotations

Branches:
Dungeon (3/15)

Altars:

Shops:
D:2 (


Innate Abilities, Weirdness & Mutations

You cannot wear most types of armour.
You are amphibious.
You can wear up to eight rings at the same time.
Your skin changes colour to match your surroundings (Stealth+).
Your rubbery body absorbs attacks. (AC +1, EV +1)
((You are camouflaged when in or above water. (Stealth+)))
You have tentacles for arms and can constrict up to eight enemies at once.


Message History

The sling bullet closely misses the orc.
The orc barely misses you.
You shoot a sling bullet. The sling bullet hits the orc.
The orc is heavily wounded.
The orc barely misses you. The orc hits you with a +0 club.
You shoot a sling bullet.
The sling bullet closely misses the orc.
The sling bullet completely misses the orc.
You block the orc's attack.
You shoot a sling bullet. The sling bullet hits the orc.
The orc is almost dead.
The orc hits you with a +0 club. The orc barely misses you.
You shoot a sling bullet. The sling bullet hits the orc.
You kill the orc!
You hear some strange, mumbled words.
You are confused.
You shoot a sling bullet. Something hits you.
You shoot a sling bullet. Something hits you. x2
Non-targeted confused fire: k) +0 sling
Press: ? - help, Q - select action, (/) - cycle Dir - look around, f - activate Look: an orc, wielding a +0 dagger
Okay, then.
You bump into the rock wall.
Something hits you.
Okay, then.
You are now empty-tentacled.
You feel less confused.
You tentacle-slap the orc. You grab the orc.
The orc is severely wounded.
You constrict the orc.
You kill the orc!
Something hits you. Something hits you.
You see here a +0 dagger.
You hear some strange, mumbled words.
You are confused.
You bump into the rock wall.
You hear some strange, mumbled words.
A puff of flame appears from out of thin air!
The puff of flame hits you!
You die...

..... ......##........... ......
.....##.#.......#. ##....# #
.....##.#.......#. .+....#
#.####.......).......## .#....##
#.........##.##......## .......#
#....).##.##.#####+#... ........
######.##.##..........# .....#.#
######)##........#.#..#
.###.#.#..#...##@##.########.#..#
.###.#.#..#...##)##.## #.#...
.......#..#....{.....# #.#..#
)###.#.#..#.........## #.#..#
..........#...##.#..# #.#..#
.....#.#..######.#..# #.#..#
.......#.........#..########.#..#
.....................รท...........
.#####........##.#..########.#..#


There were no monsters in sight!

Vanquished Creatures
  5 dart slugs
  A ribbon worm (D:3)
  7 orcs (D:3)
  6 ball pythons
  4 bats
  2 endoplasms
  4 giant cockroaches
  6 goblins
  3 hobgoblins
  4 jackals (D:3)
  3 quokkas
  3 frilled lizards
  8 kobolds
  3 rats
59 creatures vanquished.

Notes
Turn   | Place    | Note
-------+----------+-------------------------------------------
     0 | D:1      | monsoonserge the Octopode Artificer began the quest for the
                  | Orb.
     0 | D:1      | Reached XP level 1. HP: 13/13 MP: 1/1
   165 | D:1      | Reached XP level 2. HP: 14/18 MP: 2/2
   570 | D:1      | Reached skill level 1 in Unarmed Combat
   675 | D:1      | Found a faded altar of an unknown god.
   979 | D:2      | Reached XP level 3. HP: 23/23 MP: 3/3
  1028 | D:2      | Found Zohoq's Weapon Boutique.
  1094 | D:2      | Reached skill level 1 in Ranged Weapons
  1466 | D:3      | Reached skill level 1 in Shields
  1531 | D:3      | Reached XP level 4. HP: 20/28 MP: 4/4
  2136 | D:3      | Killed from afar by an orc wizard

Illustrated notes

Levels and vault maps discovered:
D:1:      giann_horns, layout_basic, dilly_ecumenical_altar_fadedgnrine,
          minivault_11
D:2:      layout_rooms, serial_shops, nicolae_shop_bloodbath_and_beyond
D:3:      layout_basic

Skill      XL: |  1  2  3  4 |
---------------+-------------+-----
Unarmed Combat | 1 |  1.5
Ranged Weapons | 1 |  1.0
Shields        | 1 |  1.1
Dodging        | 3 |  3.0
Fighting       | |  1.7
Stealth        | |  1.8
Evocations     | |  3.8

Action                     |  1- 3 |  4- 6 || total
---------------------------+-------+-------++-------
  Melee: Mace              |    19 |       ||    19
         Club              |     5 |       ||     5
         Constrict         |     9 |     1 ||    10
         Tentacles         |     5 |       ||     5
         Punch             |     1 |       ||     1
         Unarmed           |       |     1 ||     1
   Fire: Sling             |    98 |    64 ||   162
  Evoke: Wand              |     2 |     2 ||     4
   Stab: Sleeping          |     1 |       ||     1
 Armour: Skin              |    26 |    24 ||    50
  Dodge: Dodged            |    34 |    15 ||    49
  Block: Buckler           |     1 |     9 ||    10
